 Dungeon Crawl Stone Soup version 0.21-a0-578-gc6e9d75 (webtiles) character file.

96 slep the Chopper (level 4, 0/34 HPs)
             Began as a Demonspawn Gladiator on Dec 19, 2017.
             Succumbed to an adder's poison
             ... on level 2 of the Dungeon.
             The game lasted 00:03:19 (850 turns).

slep the Chopper (Demonspawn Gladiator)              Turns: 850, Time: 00:03:19

Health: 0/34       AC:  4    Str: 14    XL:     4   Next: 41%
Magic:  4/4        EV: 13    Int: 10    God:
Gold:   67         SH:  0    Dex: 15    Spells: 3/3 levels left

rFire    . . .     SeeInvis .   a - +0 war axe
rCold    . . .     Gourm    .   (no shield)
rNeg     . . .     Faith    .   b - +0 leather armour
rPois    .         Spirit   +   c - +0 helmet
rElec    .         Reflect  .   (no cloak)
rCorr    .         Harm     .   (no gloves)
MR       .....                  (no boots)
Stlth    +.........             (no amulet)
HPRegen  0.11/turn              (no ring)
MPRegen  0.09/turn              (no ring)

@: lethally poisoned (0 -> -5), hasted, very quick
A: demonic guardian 1, magic shield
a: no special abilities


You were on level 2 of the Dungeon.
You were not hungry.

You visited 1 branch of the dungeon, and saw 2 of its levels.

You collected 67 gold pieces.

Inventory:

Hand Weapons
 a - a +0 war axe (weapon)
Missiles
 d - 3 throwing nets (quivered)
 l - 20 poisoned needles
Armour
 b - a +0 leather armour (worn)
 c - a +0 helmet (worn)
Scrolls
 e - 2 scrolls of identify {unknown}
 j - a scroll of blinking {unknown}
Potions
 g - a potion of agility {unknown}
 i - a potion of invisibility {unknown}
 k - a potion of haste
 m - a potion of brilliance {unknown}
 n - a potion of curing {unknown}
Comestibles
 f - a ration
 o - 7 chunks of flesh


   Skills:
 + Level 2.4 Fighting
 + Level 4.0 Axes
 + Level 1.9 Throwing
 + Level 1.0 Armour
 + Level 3.1 Dodging


You had 3 spell levels left.
You didn't know any spells.

Dungeon Overview and Level Annotations

Branches:
Dungeon (2/15)

Altars:


Innate Abilities, Weirdness & Mutations

A weak demonic guardian rushes to your aid.
When hurt, damage is shared between your health and your magic reserves.


Message History

The adder hisses angrily.
You miss the adder. The adder barely misses you. x2
You miss the adder. The adder bites you.
* * * LOW HITPOINT WARNING * * *
You closely miss the adder. The adder bites you but does no damage.
The adder bites you.
* * * LOW HITPOINT WARNING * * *
You are lethally poisoned!
The adder poisons you!
You closely miss the adder.
* * * LOW HITPOINT WARNING * * *
You feel sick. The adder bites you.
You are more poisoned.
The adder poisons you! The adder closely misses you.
You barely miss the adder.
* * * LOW HITPOINT WARNING * * *
You feel sick. The adder barely misses you. The adder closely misses you.
It was a potion of haste.
You feel yourself speed up. The adder misses you.
It was a potion of magic.
Magic courses through your body.
You die...

###############
###############....†.........
...................).))####
................######.########
######.######.### #............
.# #.# #.# #.##.######## .# #.#
#.# #.##.# .#####.#
#.#####.##.# .##..#.#
#.#.@S...#.# .##..#.#
#.#.###).#.# .......# #.#.
#.......# .##..### #.#.
.....##.# .##..# #. ##.####
†##..# #. #.# .##..### #. #.#
........ .. #.# .####### #..


You could see an adder.

Vanquished Creatures
  5 gnolls
  An ooze (D:1)
  3 dart slugs (D:1)
  3 leopard geckos (D:1)
  A ball python (D:1)
  4 bats (D:1)
  A giant cockroach (D:1)
  7 goblins (D:1)
  5 hobgoblins
  3 kobolds
  5 rats
38 creatures vanquished.

Notes
Turn   | Place    | Note
-------+----------+-------------------------------------------
     0 | D:1      | slep the Demonspawn Gladiator began the quest for the Orb.
     0 | D:1      | Reached XP level 1. HP: 16/16 MP: 1/1
    85 | D:1      | Gained mutation: When hurt, damage is shared between your health and your magic reserves. [demonic ancestry]
    85 | D:1      | Reached XP level 2. HP: 21/22 MP: 2/2
   127 | D:1      | Reached skill level 3 in Axes
   230 | D:1      | Reached XP level 3. HP: 14/27 MP: 3/3
   800 | D:2      | Gained mutation: A weak demonic guardian rushes to your aid. [demonic ancestry]
   800 | D:2      | Reached XP level 4. HP: 30/33 MP: 4/4
   831 | D:2      | Reached skill level 4 in Axes
   831 | D:2      | Reached skill level 1 in Armour
   848 | D:2      | HP: 1/34 [poisoned by an adder]
   850 | D:2      | Succumbed to an adder's poison

Vault maps used:
D:1:      elethiomel_arrival_quiet, minmay_pentomino_v2
D:2:      okawaru_altar_gauntlet_db, lemuel_doored_altar,
          overflow_temple_1_default, makhleb_altar_promises_db

Skill      XL: |  1  2  3  4 |
---------------+-------------+-----
Axes           | 3 4 |  4.0
Dodging        | 3 |  3.1
Armour         | 1 |  1.0
Fighting       | |  2.4
Throwing       | |  1.9

Action                   |  1- 3 |  4- 6 || total
-------------------------+-------+-------++-------
Melee: War axe           |    76 |    21 ||    97
  Use: Potion            |       |     2 ||     2
Armor: Leather armour    |    26 |     4 ||    30
Dodge: Dodged            |    53 |    25 ||    78

Table legend:
 A = Spawn XP
 B = Non-spawn XP
 C = Spawn XP percentage of total XP
 D = Spawn monster count
 E = Non-spawn monster count
 F = Spawn count percentage of total count
 G = Total turns spent on level
                    A         B        C        D         E        F      G
               +---------+---------+-------+---------+---------+-------+---------
         Total |       0 |     138 |   0.0 |       0 |      38 |   0.0 |   850
               +---------+---------+-------+---------+---------+-------+---------
           D:1 |       0 |      79 |   0.0 |       0 |      31 |   0.0 |   717
           D:2 |       0 |      59 |   0.0 |       0 |       7 |   0.0 |   133
               +---------+---------+-------+---------+---------+-------+---------
